 Dungeon Crawl Stone Soup version 0.30-b1-2-g02819fbbbe (webtiles) character file.

Game seed: 4831505997217302426

259 nightchill the Chopper (level 5, 0/47 HPs)
             Began as a Minotaur Reaver on July 27, 2023.
             Splashed by a jelly's acid (3 damage)
             ... on level 4 of the Dungeon on Aug 28, 2023.
             The game lasted 00:04:04 (2192 turns).

nightchill the Chopper (Minotaur Reaver)            Turns: 2192, Time: 00:04:05

Health: 0/47       AC: -3    Str: 19    XL:     5   Next: 94%
Magic:  6/6        EV: 11    Int: 10    God:
Gold:   124        SH:  0    Dex:  8    Spells: 5/6 levels left

rFire   . . .        a - +0 hand axe
rCold   . . .        (no shield)
rNeg    . . .        k - +0 ring mail
rPois   .            (helmet restricted)
rElec   .            (no cloak)
rCorr   .            (no gloves)
SInv    +            (no boots)
Will    .....        (no amulet) Stlth
                     l - ring of see invisible
HPRegen 0.27/turn    (no ring)
MPRegen 0.10/turn

%: no passive effects
@: corroded
A: horns 2, retaliatory headbutt
a: no special abilities


You were on level 4 of the Dungeon.
You visited 1 branch of the dungeon, and saw 4 of its levels.

You collected 124 gold pieces.

Inventory:

Hand Weapons
 a - a +0 hand axe (weapon)
 r - a +0 dagger of venom
Armour
 b - a +0 leather armour
 k - a +0 ring mail (worn)
Jewellery
 l - a ring of see invisible (left hand)
 n - a +4 ring of protection
Scrolls
 f - 6 scrolls of teleportation {unknown}
 h - a scroll of fog {unknown}
 i - a scroll of identify {unknown}
 m - a scroll of fear {unknown}
 o - a scroll of vulnerability {unknown}
 q - a scroll of brand weapon {unknown}
Potions
 c - 3 potions of degeneration {unknown}
 d - 5 potions of curing {unknown}
 e - a potion of berserk rage {unknown}
 g - a potion of brilliance {unknown}
 j - 2 potions of heal wounds {unknown}
 p - a potion of invisibility {unknown}
 s - a potion of flight {unknown}


   Skills:
 + Level 4.6 Fighting
 * Level 6.8 Axes
 - Level 2.2 Dodging
 - Level 1.4 Spellcasting
 - Level 2.2 Conjurations


You had 5 spell levels left.
You knew the following spells:

 Your Spells              Type           Power      Damage    Failure   Level
a - Kiss of Death         Conj/Necr      8%         2d6       36%         1

Your spell library contained the following spells:

 Spells                   Type           Power      Damage    Failure   Level
 Sting                    Tmut/Pois      0%         1d3       50%         1
 Momentum Strike          Conj/Tloc      4%         3d8       50%         2
 Cigotuvi's Dreadful Rot  Necr/Pois/Air  0%         N/A       65%         2
 Poisonous Vapours        Pois/Air       0%         N/A       65%         2
 Hailstorm                Conj/Ice       2%         3d3       73%         3
 Stone Arrow              Conj/Erth      4%         3d7       73%         3
 Animate Armour           Summ/Erth      0%         N/A       99%         4
 Olgreb's Toxic Radiance  Pois           0%         N/A       99%         4
 Passage of Golubria      Tloc           0%         N/A       99%         4
 Silence                  Hex/Air        0%         N/A       100%        5
 Eringya's Noxious Bog    Tmut/Pois      0%         N/A       100%        6
 Lehudib's Crystal Spear  Conj/Erth      1%         10d2      100%        8


Dungeon Overview and Level Annotations

Branches:
Dungeon (4/15)
 Temple: D:4-7

Altars:
Cheibriados


Innate Abilities, Weirdness & Mutations

You have a pair of horns on your head.
You reflexively headbutt those who attack you in melee.


Message History

Found 5 stones.
A jelly comes into view.
Found a stone staircase leading down.
A jelly is nearby!
A jelly is nearby!
The jelly barely misses you.
You hit the jelly.
Your hands burn!
The jelly is lightly wounded.
You hit the jelly but do no damage. The acid corrodes you!
Your hands burn!
You headbutt the jelly!
The jelly is heavily wounded.
The jelly hits you. The acid corrodes you!
You are splashed with acid!
You are too injured to fight recklessly!
You are too injured to fight recklessly!
You are too injured to fight recklessly!
You hit the jelly.
Your hands burn!
The jelly is severely wounded.
The jelly closely misses you. You furiously retaliate!
You headbutt the jelly, but do no damage.
You hit the jelly.
Your hands burn!
The jelly is severely wounded.
The jelly hits you.
* * * LOW HITPOINT WARNING * * *
You are splashed with acid!
* * * LOW HITPOINT WARNING * * *
You hit the jelly but do no damage.
Your hands burn!
* * * LOW HITPOINT WARNING * * *
The jelly is severely wounded.
The jelly completely misses you.
You hit the jelly but do no damage.
Your hands burn!
* * * LOW HITPOINT WARNING * * *
The jelly is severely wounded.
The jelly closely misses you.
You hit the jelly but do no damage.
Your hands burn!
* * * LOW HITPOINT WARNING * * *
You headbutt the jelly.
The jelly is almost dead.
The jelly misses you.
You hit the jelly but do no damage.
Your hands burn!
You die...

########.#.# .#
.........#.# .#
..#......<.###.#
+............#
#..........#...#
#.......##.# ##
##########.#
#.#######
#@.......
##J>...## .(...+
.....# .!...#
.....# .....#
.....#


You could see a jelly.

Vanquished Creatures
  A black bear (D:3)
  2 orc priests (D:3)
  3 gnolls (D:3)
  An adder (D:3)
  A worm (D:2)
  2 dart slugs
  5 orcs (D:3)
  4 ball pythons
  5 bats
  6 endoplasms
  2 giant cockroaches (D:1)
  6 goblins
  4 hobgoblins
  3 jackals (D:2)
  5 kobolds
  6 frilled lizards
  8 rats
64 creatures vanquished.

Notes
Turn   | Place    | Note
-------+----------+-------------------------------------------
     0 | D:1      | nightchill the Minotaur Reaver began the quest for the Orb.
     0 | D:1      | Reached XP level 1. HP: 18/18 MP: 1/1
    82 | D:1      | Reached skill level 4 in Axes
    82 | D:1      | Reached XP level 2. HP: 14/25 MP: 3/3
   767 | D:2      | Reached XP level 3. HP: 30/31 MP: 4/4
  1003 | D:2      | Got the Meditations on Infection
  1016 | D:2      | Found a snail-covered altar of Cheibriados.
  1170 | D:2      | Reached skill level 5 in Axes
  1341 | D:3      | Reached XP level 4. HP: 29/39 MP: 5/5
  1585 | D:3      | Noticed a black bear
  1590 | D:3      | Killed a black bear
  1591 | D:3      | Reached skill level 6 in Axes
  1591 | D:3      | Reached XP level 5. HP: 38/47 MP: 6/6
  2192 | D:4      | Splashed by a jelly's acid

Illustrated notes

Levels and vault maps discovered:
D:1:      eino_arrival_tree_alley, layout_rooms, kennysheep_doodads
D:2:      layout_basic, basic_altar, st_stairs_9
D:3:      layout_loops_ring
D:4:      layout_basic, minmay_temple_entry_stoned_glass

Skill      XL: |  1  2  3  4 |
---------------+-------------+-----
Axes           | 4 5 6 |  6.8
Fighting       | 3 4 |  4.6
Dodging        | |  2.2
Spellcasting   | |  1.4
Conjurations   | |  2.2

Action                     |  1- 3 |  4- 6 || total
---------------------------+-------+-------++-------
  Melee: Hand axe          |    85 |    53 ||   138
         Headbutt          |    16 |     8 ||    24
         Punch             |     1 |       ||     1
 Armour: Leather armour    |    22 |       ||    22
         Ring mail         |    12 |    12 ||    24
  Dodge: Dodged            |    54 |    25 ||    79
